Croesus, chaotic female elven Ranger ----------- ------- ##..........| -------- #..<._.| # |.........| |......| #|.....-###########..........| |......| #|..[..|# ----------- |....>.| #-------# |......| ########### |......-######## # # ### -------- # --------------- ### # # ### |.............| # # ###---------------- # |..............#### # #-..............| ##-.............|######## # |..............| |..............## --.--##########...............| --|------------#)# |.P.-# |..............| # # |..u|# ---------|------ ###|.@.|# # #....d# ----- Croesus the Lookout Experience level: 5 Strength: 16 Dexterity: 13 Constitution: 15 Intelligence: 13 Wisdom: 13 Charisma: 7 Health: 0(31) Energy: 36(36) Def: 12 Gold: 145 Moves: 4039 Dungeon seed: S08oRh94hNis2xgy Game ID: Croesus_1562073985 Your Inventory: Weapons a - 24 uncursed +0 elven arrows c - 50 uncursed +2 elven arrows (in quiver) d - an uncursed +1 elven dagger e - an uncursed +1 elven bow (weapon in hand) g - an uncursed +0 silver saber (alternate weapon; not wielded) i - 2 blessed +1 orcish daggers l - 12 uncursed +0 darts Armor n - an uncursed +0 banded mail (being worn) r - an uncursed +0 orcish helm (being worn) y - a blessed +0 dwarvish cloak z - an uncursed +0 pair of iron shoes of searching (being worn) M - an uncursed +2 elven cloak (being worn) Comestibles f - 4 uncursed lembas wafers h - an uncursed egg p - 2 uncursed lichen corpses L - 2 uncursed mangos P - an uncursed tin of female werejackal meat Y - an uncursed food ration Rings B - an uncursed ring of slow digestion (on left hand) Wands T - an uncursed wand of secret door detection (0:13) Tools b - an uncursed bag of holding k - an uncursed skeleton key w - an uncursed tin whistle V - an uncursed mirror Coins $ - 145 gold pieces Contents of the bag of holding: a cursed scroll of enchant armor an uncursed scroll of food detection a blessed scroll of light an uncursed scroll of light an uncursed scroll of remove curse an uncursed potion of booze an uncursed potion of extra healing an uncursed potion of invisibility an uncursed potion of object detection 2 uncursed potions of paralysis an uncursed lock pick 7 uncursed tallow candles (0:200) an uncursed worthless piece of red glass 713 gold pieces Spells and supernatural/magical abilities: Name Level Category Cost Memory W - pray for help -- divine ? -- Your skills at the end: Fighting Skills wands [Basic] Weapon Skills dagger [Skilled] bow [Basic] Spellcasting Skills Final Attributes: You were piously aligned. You were immune to sleep. You saw invisible. You were telepathic. You had automatic searching. You had infravision. You were stealthy. You had slower digestion. Mars was noncommittal. You are dead. Vanquished creatures: a leprechaun a snake a mountain nymph a pony a shrieker 2 giant ants 3 floating eyes a dwarf a kobold shaman a giant bat a dwarf zombie a werejackal 2 iguanas 5 killer bees an acid blob 3 coyotes a large kobold 2 hobgoblins 2 giant rats 5 cave spiders 2 brown molds a red mold 2 gnomes 4 garter snakes 2 geckos 6 jackals 2 foxes a kobold 2 goblins a sewer rat 7 grid bugs 4 lichens a kobold zombie 8 newts 79 creatures vanquished. Voluntary challenges: You had been an atheist until turn 3173. You used a wielded weapon 68 times, starting on turn 76. You read items or engraved 1 time, starting on turn 1375. You never genocided any monsters. You never polymorphed an object. You never changed form. You used no wishes. You never split a pudding. You never wrote Elbereth's name. You never violated your personal moral code. Dungeon overview: The Dungeons of Doom: levels 1 to 9 Level 1 a sink a long staircase Level 2 a general store, a fountain, a vault a long staircase Level 3 some fountains, a vault Level 4 a general store Level 5 a fountain Level 6 Level 7 a sink, a vault Level 8 <- You were here an altar to Mars Level 9 History has recorded: On T:1 you entered the Dungeons of Doom to retrieve the Amulet of Yendor! On T:73 you reached level 2 of The Dungeons of Doom. On T:87 you reached level 4 of The Dungeons of Doom. On T:155 you reached level 3 of The Dungeons of Doom. On T:487 you advanced to experience level 2. On T:1206 you advanced to experience level 3. On T:1769 you reached level 5 of The Dungeons of Doom. On T:1915 you advanced to experience level 4. On T:2477 you reached level 6 of The Dungeons of Doom. On T:2555 you reached level 7 of The Dungeons of Doom. On T:3167 you reached level 8 of The Dungeons of Doom. On T:3472 you advanced to experience level 5. On T:3819 you reached level 9 of The Dungeons of Doom. Score breakdown: Gold: 858 ( 9980 points) Experience: 5 levels (11141 points) Exploration: 9 levels ( 18.37%) (12247 points) Discoveries: 13 items ( 4.41%) ( 6297 points) Valuables value: (no points given unless you survive) Artifact value: 0 ( 0 points) Variety of kills: 34 monsters ( 8.95%) ( 8973 points) Turncount: 4039 turns (-1039 points) Survival: died (score multiplied by 80%) Total score: 38079 Latest messages: Kaablamm! You hear an explosion in the distance! Someone must have triggered a land mine. You stop travelling. Where do you want to travel to? The white unicorn butts! The white unicorn just misses! You hear some noises nearby. The white unicorn butts! The white unicorn kicks! The white unicorn butts! The white unicorn misses. c - 52 uncursed +2 elven arrows (in quiver). You are now wielding your elven bow. g - an uncursed silver saber (alternate weapon; not wielded). You shoot 2 elven arrows. The 1st elven arrow hits the white unicorn! The 2nd elven arrow hits the white unicorn. The white unicorn misses. (2x) The white unicorn butts! The white unicorn kicks! You die... For some reason, you think that you can almost hear the Wizard laugh manically... Final status: Goodbye Croesus the Ranger, killed by a white unicorn... You died in The Dungeons of Doom on dungeon level 8 with 38079 points, and 858 pieces of gold, after 4039 moves. You were level 5 with a maximum of 31 hit points when you died.